Map: Frost LE

Players

Miszu

  • Race: Protoss Protoss
  • League: Master

convvv - Winner!

  • Race: Zerg Zerg
  • League: Master

VOD

Have the link to the VOD?

Description

Time

  • Played on: June 27, 2016, 7:57 p.m.
  • Length: 10:12
Show
View Real Time Build Order
Export as new Build Order

Miszu Protoss 

Build Orders: 1 Gate Expand 

Get SALT Encoding   

  12  0:01  Probe (Chrono Boost)  
  13  0:11  Probe (Chrono Boost)  
  14  0:17  Pylon  
  14  0:22  Probe (Chrono Boost)  
  15  0:35  Probe (Chrono Boost)  
  16  0:37  Gateway  
  16  0:45  Probe (Chrono Boost)  
  16  0:47  Assimilator  
  17  0:56  Probe (Chrono Boost)  
  18  1:19  Nexus  
  18  1:27  Cybernetics Core  
  18  1:31  Probe (Chrono Boost)  
  19  1:37  Assimilator  
  19  1:41  Probe (Chrono Boost)  
  20  1:52  Probe (Chrono Boost)  
  21  1:54  Pylon  
  21  2:03  Warp Gate (Chrono Boost)  
  21  2:04  Adept (Chrono Boost)  
  23  2:12  Probe  
  24  2:27  Mothership Core  
  24  2:29  Adept (Chrono Boost)  
  28  2:40  Probe  
  29  2:48  Probe  
  29  2:50  Adept (Chrono Boost)  
  30  2:52  Probe  
  30  2:54  Gateway  
  33  2:59  Gateway  
  33  3:04  Probe  
  34  3:10  Probe  
  35  3:16  Probe  
  36  3:22  Pylon, Probe  
  37  3:28  Probe  
  38  3:39  Probe  
  39  3:43  Probe  
  40  3:51  Probe  
  40  3:52  Nexus  
  41  3:56  Probe (Chrono Boost)  
  41  3:57  Pylon  
  42  4:03  Probe (Chrono Boost)  
  42  4:08  Adept, Probe (Chrono Boost)  
  46  4:11  Adept  
  46  4:13  Adept  
  46  4:16  Probe (Chrono Boost)  
  51  4:18  Probe (Chrono Boost)  
  51  4:22  Pylon  
  52  4:29  Probe x2 (Chrono Boost)  
  54  4:38  Pylon  
  54  4:41  Adept x2  
  54  4:42  Adept  
  54  4:44  Probe (Chrono Boost)  
  61  4:49  Twilight Council, Probe (Chrono Boost)  
  62  4:56  Probe (Chrono Boost)  
  63  5:00  Assimilator  
  63  5:03  Robotics Facility, Assimilator  
  63  5:06  Probe x2 (Chrono Boost)  
  65  5:07  Probe (Chrono Boost)  
  65  5:11  Sentry x2  
  70  5:16  Probe (Chrono Boost)  
  70  5:17  Probe (Chrono Boost)  
  72  5:23  Probe (Chrono Boost)  
  72  5:27  Probe x2 (Chrono Boost)  
  71  5:33  Probe (Chrono Boost)  
  64  5:39  Adept x3  
  66  5:43  Probe  
  66  5:48  Forge  
  67  5:57  Adept  
  67  5:58  Adept  
  67  6:01  Blink, Immortal  
  67  6:03  Gateway  
  75  6:04  Gateway  
  75  6:06  Probe  
  75  6:07  Gateway, Probe  
  75  6:10  Sentry  
  64  6:23  Adept x2  
  64  6:44  Pylon x2  
  64  6:46  Pylon  
  64  6:47  Pylon  
  64  7:03  Immortal  
  64  7:06  Sentry  
  64  7:07  Sentry x2, Gateway  
  64  7:08  Stalker x3  
  80  7:29  Pylon  
  80  7:33  Pylon  
  80  7:34  Pylon  
  80  7:35  Pylon  
  80  7:36  Pylon  
  80  7:48  Stalker  
  80  7:49  Adept, Stalker  
  86  7:52  Sentry x2  
  86  7:53  Sentry  
  92  8:04  Warp Prism  
  94  8:10  Sentry x2  
  98  8:12  Stalker  
  98  8:13  Stalker  
  98  8:15  Stalker  
  104  8:27  Stalker  
  104  8:28  Stalker  
  104  8:33  Sentry  
  110  8:38  Stalker x3  
  110  8:39  Stalker  
  118  9:00  Pylon  
  118  9:01  Pylon  
  118  9:02  Pylon  
  118  9:09  Warp Prism  
  117  9:16  Adept  
  117  9:17  Adept, Stalker x2  
  103  9:32  Stalker x3  
  103  9:37  Stalker  
  81  9:41  Stalker  
  75  9:54  Stalker x2  
  75  9:55  Stalker  
  81  10:06  Stalker x2  
Show
View Real Time Build Order
Export as new Build Order

convvv Zerg - Winner!

Build Orders: Hatch First 

Get SALT Encoding   

  12  0:03  Drone  
  13  0:13  Overlord  
  13  0:16  Drone  
  14  0:31  Drone x2  
  16  0:35  Drone  
  17  0:54  Hatchery  
  17  0:56  Drone  
  17  1:02  Drone  
  18  1:09  Extractor  
  17  1:20  Spawning Pool  
  17  1:21  Drone x2  
  18  1:29  Drone  
  19  1:42  Drone  
  20  2:00  Evolution Chamber  
  19  2:01  Drone  
  19  2:04  Overlord  
  19  2:06  Queen x2  
  19  2:08  Drone  
  25  2:13  Drone  
  26  2:23  Drone  
  26  2:24  Drone  
  26  2:28  Zerg Melee Weapons Level 1, Drone  
  28  2:45  Zergling x6  
  31  2:53  Zergling x2  
  32  3:00  Metabolic Boost  
  32  3:04  Drone  
  33  3:07  Drone  
  33  3:09  Hatchery  
  33  3:10  Drone  
  33  3:12  Drone  
  35  3:18  Overlord  
  35  3:19  Drone  
  36  3:33  Baneling Nest  
  35  3:39  Drone x3  
  35  3:41  Drone x3  
  41  3:52  Spine Crawler  
  40  3:56  Drone x3  
  40  3:57  Zergling x2  
  40  3:59  Overlord  
  40  4:01  Overlord, Extractor  
  43  4:08  Overlord  
  44  4:11  Lair  
  44  4:17  Queen  
  44  4:19  Drone x2  
  44  4:20  Drone x2  
  44  4:22  Drone  
  51  4:24  Drone  
  51  4:26  Drone  
  51  4:27  Drone  
  51  4:30  Drone x2  
  56  4:33  Drone x2  
  56  4:35  Drone  
  58  4:39  Zergling x2  
  59  4:46  Zergling x6  
  62  4:53  Zergling x2  
  62  4:55  Zergling x2  
  62  4:57  Zergling x6  
  67  5:05  Zergling x4  
  69  5:09  Zergling x2  
  69  5:10  Hatchery  
  69  5:11  Zergling x4  
  69  5:12  Zergling x2  
  68  5:26  Zergling x12  
  71  5:30  Zergling x2  
  71  5:31  Zergling x8  
  72  5:41  Drone  
  72  5:42  Drone x2  
  74  5:43  Overlord x2, Infestation Pit  
  74  5:44  Overlord  
  74  5:45  Extractor  
  74  5:49  Drone  
  73  5:51  Baneling x9  
  73  5:52  Baneling x2  
  73  5:54  Drone  
  74  5:59  Overlord  
  74  6:01  Zerg Melee Weapons Level 2  
  74  6:02  Drone  
  75  6:04  Drone  
  75  6:08  Drone x2  
  75  6:10  Drone x2  
  73  6:22  Drone  
  73  6:23  Drone x7  
  81  6:28  Hive, Extractor  
  80  6:35  Baneling x5  
  80  6:38  Extractor  
  80  6:39  Extractor  
  77  6:40  Zergling x2  
  77  6:41  Zergling x10  
  82  6:49  Queen  
  84  7:01  Zergling x26  
  96  7:08  Drone  
  96  7:09  Drone x2  
  99  7:21  Overlord x5  
  96  7:33  Drone x2  
  96  7:34  Overlord, Spire  
  96  7:35  Drone x3  
  96  7:36  Overlord  
  100  7:37  Zergling x2  
  100  7:38  Zergling x2  
  101  7:48  Overlord, Drone x3  
  104  7:58  Pneumatized Carapace  
  104  8:14  Baneling x10  
  104  8:16  Baneling x3  
  104  8:17  Baneling x4  
  104  8:18  Zergling x18  
  104  8:19  Zergling x2  
  114  8:26  Zergling x8  
  114  8:27  Zergling x4  
  120  8:29  Hatchery  
  119  8:36  Baneling  
  119  8:37  Baneling x6  
  119  8:50  Mutalisk  
  119  8:51  Mutalisk x8  
  137  9:01  Zergling x2  
  137  9:02  Zergling x14  
  131  9:17  Mutalisk  
  131  9:18  Mutalisk x3  
  109  9:38  Mutalisk  
  109  9:39  Mutalisk x3  
  109  9:42  Zergling x24  
Tags
 
Add a new tag
Caveats
  • Supply blocks, unpowered buildings, or Contaminate may cause inaccurate times.
  • Supply counts are checked every 10 seconds.